 Dungeon Crawl Stone Soup version 0.29-a0-477-g62b78b4225 (webtiles) character file.

Game seed: 2776195607111557148

8 lesaewzxc the Vexing (level 2, -4/16 HPs)
             Began as a Kobold Arcane Marksman on May 24, 2022.
             Splashed by a jelly's acid (8 damage)
             ... on level 1 of the Dungeon.
             The game lasted 00:01:46 (254 turns).

lesaewzxc the Vexing (Kobold Arcane Marksman)        Turns: 254, Time: 00:01:55

Health: -4/16      AC:  2    Str:  7    XL:     2   Next: 15%
Magic:  2/3        EV: 15    Int: 14    God:
Gold:   14         SH:  0    Dex: 15    Spells: 2/3 levels left

rFire   . . .      SeeInvis .   a - +0 hand crossbow
rCold   . . .      Faith    .   (no shield)
rNeg    . . .      Spirit   .   b - +0 robe
rPois   .          Reflect  .   (no helmet)
rElec   .          Harm     .   (no cloak)
rCorr   .          Rampage  .   (no gloves)
Will    .....                   (no boots)
Stlth   ++........              (no amulet)
HPRegen 0.05/turn               (no ring)
MPRegen 0.08/turn               (no ring)

@: no status effects
A: small, no large weapons, nightstalker 3
a: no special abilities


You were on level 1 of the Dungeon.
You visited 1 branch of the dungeon, and saw 1 of its levels.

You collected 14 gold pieces.

Inventory:

Hand Weapons
 a - a +0 hand crossbow (weapon)
Armour
 b - a +0 robe (worn)
Scrolls
 c - a scroll of vulnerability


   Skills:
 + Level 1.4 Fighting
 + Level 2.9 Crossbows
 + Level 2.6 Dodging
 + Level 1.3 Spellcasting
 + Level 3.1 Hexes


You had 2 spell levels left.
You knew the following spells:

 Your Spells              Type           Power      Damage    Failure   Level
a - Slow                  Hex            36%        N/A       7%          1

Your spell library contained the following spells:

 Spells                   Type           Power      Damage    Failure   Level
 Inner Flame              Hex/Fire       5%         N/A       38%         3
 Portal Projectile        Hex/Tloc       10%        N/A       38%         3
 Cause Fear               Hex            4%         N/A       56%         4


Dungeon Overview and Level Annotations

Branches:
Dungeon (1/15)

Altars:
Jiyva


Innate Abilities, Weirdness & Mutations

You are small and have problems with some larger weapons.
You are completely attuned to the shadows.


Message History

You shoot a bolt. The bolt hits the goblin.
You kill the goblin!
You have reached level 2!
Found 8 gold pieces.
Shoot: a) +0 hand crossbow
Press: ? - help, Shift-Dir - straight line, f - giant cockroach
Aim: a giant cockroach (60% to hit)
You shoot a bolt. The bolt hits the giant cockroach.
The giant cockroach is almost dead.
Shoot: a) +0 hand crossbow
Press: ? - help, Shift-Dir - straight line, f/p - giant cockroach
Aim: a giant cockroach (almost dead, 60% to hit)
You shoot a bolt.
The bolt hits the giant cockroach but does no damage.
The giant cockroach is almost dead.
The giant cockroach misses you.
Shoot: a) +0 hand crossbow
Press: ? - help, Shift-Dir - straight line, f/p - giant cockroach
Aim: a giant cockroach (almost dead, 60% to hit)
You shoot a bolt. The bolt hits the giant cockroach.
You kill the giant cockroach!
Found a viscous altar of Jiyva.
The kobold shouts!
The endoplasm quivers.
The jelly quivers. x2; The endoplasm quivers. x2
You now have 6 gold pieces.
You now have 14 gold pieces (gained 8).
You open the large door.
The jelly quivers.
Aiming: Slow (safe; 7% risk of failure)
Press: ? - help, Q - select action, (/) - cycle Shift-Dir - straight line, f - jelly
Aim: a jelly (chance to affect: 55%)
The jelly resists with significant effort.
The gnoll shouts!
The jelly hits you.
You are splashed with acid!
Ouch! That really hurt!
The jelly hits you.
* * * LOW HITPOINT WARNING * * *
You are splashed with acid!
Ouch! That really hurt!
You die...

......†....##...#
....#....#..#.#..
.....#...#...#..#
.............##.#
#....##..#..#.). ..
##....#...##..#.
JJJ#####.....#......#
.JK#.#.8......##.....
.bJJ@..)...... ...##.
.JJJ........# .#. #.
.JJ#.#.8..... . ...
.Jg#####..... .... ..
..##.. .... #. .. #


You could see 4 jellies, a gnoll, 7 endoplasms, a bat and a kobold.

Vanquished Creatures
  2 giant cockroaches (D:1)
  A goblin (D:1)
  2 jackals (D:1)
  A quokka (D:1)
6 creatures vanquished.

Notes
Turn   | Place    | Note
-------+----------+-------------------------------------------
     0 | D:1      | lesaewzxc the Kobold Arcane Marksman began the quest for
                  | the Orb.
     0 | D:1      | Reached XP level 1. HP: 12/12 MP: 2/2
   232 | D:1      | Reached XP level 2. HP: 16/16 MP: 3/3
   237 | D:1      | Found a large runed translucent door.
   237 | D:1      | Found a large runed translucent door.
   239 | D:1      | Found a viscous altar of Jiyva.
   254 | D:1      | Splashed by a jelly's acid

Illustrated notes

Levels and vault maps discovered:
D:1:      erik_arrival_cave_to_civilisation [erik_arrival_cave_to_temple],
          layout_basic, shapermc_ecumenical_altar_mp_urbaneastern,
          nrook_mini_backslash

Action                   || total
-------------------------++-------
 Fire: Hand crossbow     ||    22
 Cast: Slow              ||     1
Armor: Robe              ||     4
Dodge: Dodged            ||    22

Table legend: (Time is in decaauts)
 A = Elapsed time spent in this place.
 B = Non-inter-level travel time spent in this place.
 C = Inter-level travel time spent in this place.
 D = Time resting spent in this place.
 E = Time spent auto-exploring this place.
 F = Levels seen in this place.
 G = Mean time per level.
                   A        B        C        D        E       F      G
               +--------+--------+--------+--------+--------+-----+--------+
         Total |    262 |    229 |     33 |      0 |      0 |   1 |  262.0 |
       Dungeon |    262 |    229 |     33 |      0 |      0 |   1 |  262.0 |
               +--------+--------+--------+--------+--------+-----+--------+

Top non-repeatable levels by time:
     D:1: 262 daAuts
